 Dungeon Crawl Stone Soup version 0.26.0-10-g1f06aea511 (webtiles) character file.

Game seed: 12107269122007028002

27482 Marvel the Severer (level 13, -3/114 HPs)
             Began as a Demonspawn Abyssal Knight on Jan 14, 2021.
             Was the Champion of Lugonu.
             Slain by a vampire mosquito (8 damage)
             ... on level 15 of the Dungeon.
             The game lasted 01:12:04 (19706 turns).

Marvel the Severer (Demonspawn Abyssal Knight)     Turns: 19706, Time: 01:12:05

Health: -3/114     AC: 12    Str: 17    XL:     13   Next: 4%
Magic:  0/14       EV: 10    Int: 17    God:    Lugonu [******]
Gold:   1148       SH:  8    Dex: 12    Spells: 12/12 levels left

rFire    + . .     SeeInvis .   y - +4 hand axe (freeze)
rCold    + + .     Faith    .   E - +0 kite shield (curse)
rNeg     . . .     Spirit   +   j - +1 troll leather armour {Snorg}
rPois    +         Reflect  .   X - +2 hat
rElec    .         Harm     .   e - scarf {rC+ rF+}
rCorr    .         Rampage  .   a - +0 pair of gloves
Will     .....                  (no boots)
Stlth    +.........             L - amulet of guardian spirit
HPRegen  0.69/turn              r - ring of protection from cold
MPRegen  0.14/turn              d - ring of poison resistance

@: mighty, hasted, invisible, very quick
A: antennae 2, slimy green scales 2, clever 1, demonic guardian 2, powered by
pain 1, robust 1
a: Renounce Religion, Depart the Abyss, Bend Space, Banish, Corrupt, Enter the
Abyss, Brand Weapon With Distortion


You were on level 15 of the Dungeon.
You worshipped Lugonu.
Lugonu was exalted by your worship.
You visited 1 branch of the dungeon, and saw 15 of its levels.
You visited the Abyss 1 time.

You collected 1148 gold pieces.

Inventory:

Hand Weapons
 c - a -1 short sword
 h - a +0 vorpal mace
 n - a +0 war axe
 p - a +3 dagger of flaming
 y - a +4 hand axe of freezing (weapon)
 Z - the +7 long sword of Subjectivity {venom, rElec Str+7}
   (You found it on level 12 of the Dungeon)

   It poisons the flesh of those it strikes.
   It affects your strength (+7).
   It insulates you from electricity.
Missiles
 s - 17 boomerangs (quivered)
Armour
 a - a +0 pair of gloves (worn)
 e - a scarf of resistance (worn)
 j - a +1 troll leather armour (worn) {Snorg}
 w - a +0 scale mail of cold resistance
 E - a cursed +0 kite shield (worn)
 H - +0 acid dragon scales
 K - a scarf of repulsion
 T - a scarf of invisibility
 X - a +2 hat (worn)
Magical Staves
 J - an uncursed staff of fire {unknown}
Jewellery
 d - a ring of poison resistance (right hand)
 r - a ring of protection from cold (left hand)
 t - an uncursed ring of stealth
 v - an uncursed ring of stealth
 z - an uncursed ring of flight
 B - a -4 ring of evasion
 C - an uncursed ring of stealth
 D - an uncursed ring of ice
 L - an amulet of guardian spirit (around neck)
Wands
 b - a wand of flame (31)
 G - a wand of disintegration (24)
 I - a wand of polymorph (14)
 P - a wand of paralysis (8)
 S - a wand of digging (12)
Scrolls
 k - 3 scrolls of magic mapping
 l - 3 scrolls of remove curse
 m - 5 scrolls of teleportation
 x - 3 scrolls of identify
 M - 2 scrolls of blinking
 O - a scroll of amnesia
 Y - a scroll of fog
Potions
 g - 3 potions of brilliance
 o - a potion of resistance
 q - 3 potions of flight
 u - 4 potions of might
 A - a potion of magic
 N - 3 potions of curing
 R - 2 potions of berserk rage
 W - a potion of degeneration
Miscellaneous
 f - a condenser vane (inert)


   Skills:
 + Level 10.7 Fighting
 * Level 15.2 Axes
 + Level 1.4 Throwing
 + Level 7.4 Armour
 + Level 3.9 Dodging
 - Level 1.4 Stealth
 - Level 2.0 Shields
 - Level 2.4 Invocations


You had 12 spell levels left.
You didn't know any spells.
Your spell library was empty.

Dungeon Overview and Level Annotations

Branches:
Dungeon (15/15)            Temple (0/1) D:7            Lair (0/6) D:9
    Orc (0/2) D:9
 Vaults: D:13-14     Depths: D:15

Altars:
Ashenzari
Cheibriados
Fedhas
Gozag
Kikubaaqudgha
Makhleb
Nemelex Xobeh
Qazlal
Ru
Sif Muna
Vehumet
Wu Jian
Xom
Yredelemnul
Zin

Annotations:
D:2 Natasha
D:13 Maurice


Innate Abilities, Weirdness & Mutations

You have a pair of antennae on your head.
You are mostly covered in slimy green scales. (AC +3)
A demonic guardian rushes to your aid.
You sometimes gain a little power by taking damage.
Your mind is acute. (Int +2)
You are robust. (+10% HP)


Message History

You focus on the pain.
You feel very mighty all of a sudden. Space bends around you!
You blink.
You block the orc warrior's attack.
You feel yourself speed up.
The orc warrior hits you from afar with a +0 trident.
* * * LOW HITPOINT WARNING * * *
You block the vampire mosquito's attack.
The vampire mosquito bites you but does no damage.
The vampire mosquito closely misses you.
The orc warrior hits you from afar with a +0 trident.
* * * LOW HITPOINT WARNING * * *
The vampire mosquito bites you!
* * * LOW HITPOINT WARNING * * *
You focus on the pain.
You feel mightier all of a sudden.
The vampire mosquito draws strength from your injuries!
You see here a wand of disintegration (12).
You fade into invisibility!
The vampire mosquito bites you!
You die...

..##..##......<.......
..........##..÷........
.........####..........
.........###...........
..........#............
.......................
.......................
.....#..!..........!...
...##.....#....@.......
..# #.....#)...y.......
#. ##....#.†..o.......
#.....#!...o....##.
#.....##.†..........
...................#
...............?.##
................##
............#####


You could see 2 orc warriors and a vampire mosquito.

Vanquished Creatures
  A boulder beetle (D:14)
  A centaur warrior (D:14)
  2 tengu warriors (D:14)
  2 unseen horrors (D:14)
  4 ugly things
  3 harpies (D:14)
  2 cyclopes
  2 deep elf magi (D:14)
  A manticore (D:11)
  A centaur zombie (D:12)
  A centaur skeleton (D:15)
  A gargoyle (D:15)
  A komodo dragon (D:14)
  Maggie (D:6)
  A tengu conjurer (D:14)
  A hornet (D:14)
  2 slime creatures (D:12)
  A vampire (D:12)
  A wraith (D:13)
  2 wyverns (D:14)
  7 vampire mosquitoes
  3 yaks
  A steam dragon (D:6)
  A warg (D:9)
  An acid dragon (D:14)
  4 orc warriors
  2 ice beasts
  A black bear (D:8)
  3 sky beasts
  A necrophage (D:7)
  7 ogres
  9 centaurs
  9 big kobolds (D:3)
  4 bullfrogs
  Dowan (D:6)
  A wyvern skeleton (D:14)
  7 scorpions
  15 killer bees
  6 wights (D:8)
  2 vampire bats (D:12)
  3 howler monkeys
  2 jellies
  4 hounds
  6 orc priests
  2 bullfrog zombies
  8 orc wizards
  3 bullfrog skeletons
  A gnoll shaman (D:6)
  Ijyb (D:5)
  6 iguanas
  Natasha (D:2)
  10 worker ants
  3 killer bee zombies
  A hound skeleton (D:7)
  13 adders
  13 gnolls
  2 shadow imps
  4 white imps
  2 oozes
  A worm (D:2)
  3 dart slugs
  6 leopard geckos
  37 orcs
  A ball python (D:2)
  2 bat zombies (D:2)
  9 giant cockroaches
  7 hobgoblins
  5 jackals
  39 kobolds
  6 quokkas
  16 bats
  7 frilled lizards
  A giant cockroach zombie (D:5)
  10 goblins
  A jackal zombie (D:7)
  A leopard gecko skeleton (D:6)
  11 rats
  A spectral orc (D:3)
365 creatures vanquished.

Vanquished Creatures (collateral kills)
  Snorg (D:13)
  A great orb of eyes (D:15)
  2 hydras
  A centaur warrior (D:14)
  3 two-headed ogres (D:11)
  The ghost of aloneDruid the Blocker, a novice DsFi of Qazlal (D:8)
  An unseen horror (D:13)
  Pikel (D:7)
  A deep elf mage (D:12)
  An ugly thing (D:12)
  A harpy (D:14)
  3 cyclopes
  A manticore (D:12)
  2 slime creatures (D:12)
  Joseph (D:7)
  A centaur zombie (D:15)
  A centaur skeleton (D:14)
  A komodo dragon (D:15)
  A meliai (D:8)
  A troll (D:11)
  Prince Ribbit (D:7)
  A hornet (D:10)
  Sigmund (D:2)
  9 yaks
  3 wraiths
  A steam dragon (D:6)
  A warg (D:9)
  2 vampire mosquitoes (D:14)
  Menkaure (D:7)
  3 orc warriors
  Duvessa (D:6)
  An ice beast (D:12)
  A black bear (D:8)
  4 centaurs
  2 big kobolds (D:3)
  A bullfrog (D:14)
  6 wights (D:8)
  4 quasits (D:8)
  A bullfrog zombie (D:7)
  An orc priest (D:10)
  2 orc wizards
  A worker ant (D:12)
  5 orcs
  A bat (D:12)
  A jackal skeleton (D:6)
  8 kobolds (D:3)
  A rat (D:3)
90 creatures vanquished.

Vanquished Creatures (others)
  8 fungi (D:6)
8 creatures vanquished.

Grand Total: 463 creatures vanquished

Notes
Turn   | Place    | Note
-------+----------+-------------------------------------------
     0 | Abyss:1  | Marvel the Demonspawn Abyssal Knight began the quest for
                  | the Orb.
     0 | Abyss:1  | Reached XP level 1. HP: 18/18 MP: 2/2
    15 | Abyss:1  | Noticed a wretched star
    20 | Abyss:1  | Found a stormy altar of Qazlal.
    83 | Abyss:2  | Noticed an apocalypse crab
    84 | D:1      | Escaped the Abyss
   190 | D:1      | Reached skill level 1 in Dodging
   255 | D:1      | Reached * piety under Lugonu
   337 | D:1      | Gained mutation: A weak demonic guardian rushes to your
                  | aid. [demonic ancestry]
   337 | D:1      | Reached XP level 2. HP: 8/24 MP: 3/3
   898 | D:1      | Reached skill level 2 in Axes
  1047 | D:1      | Gained mutation: You have a pair of small antennae on your
                  | head. [demonic ancestry]
  1047 | D:1      | Reached XP level 3. HP: 20/30 MP: 4/4
  1461 | D:2      | Noticed Sigmund
  1472 | D:2      | Killed Sigmund
  1473 | D:2      | Reached skill level 3 in Axes
  1473 | D:2      | Gained mutation: You have a pair of antennae on your head.
                  | [demonic ancestry]
  1473 | D:2      | Reached XP level 4. HP: 37/37 MP: 5/5
  1577 | D:2      | Reached XP level 5. HP: 36/42 MP: 6/6
  1666 | D:2      | Reached ** piety under Lugonu
  1678 | D:2      | Found a burning altar of Makhleb.
  1722 | D:2      | Noticed Natasha
  1747 | D:2      | Killed Natasha
  2280 | D:2      | Found an ancient bone altar of Kikubaaqudgha.
  2323 | D:2      | Noticed Natasha
  2465 | D:3      | Reached skill level 4 in Axes
  3004 | D:3      | Reached *** piety under Lugonu
  3015 | D:3      | Reached XP level 6. HP: 49/49 MP: 7/7
  3031 | D:3      | Reached skill level 5 in Axes
  3097 | D:3      | Gained mutation: You are partially covered in slimy green
                  | scales. (AC +2) [demonic ancestry]
  3097 | D:3      | Reached XP level 7. HP: 15/55 MP: 8/8
  3409 | D:3      | Reached skill level 6 in Axes
  3500 | D:3      | Reached **** piety under Lugonu
  3700 | D:3      | Reached skill level 7 in Axes
  3935 | D:3      | Found a basalt altar of Yredelemnul.
  4292 | D:4      | Gained mutation: A demonic guardian rushes to your aid.
                  | [demonic ancestry]
  4292 | D:4      | Reached XP level 8. HP: 16/61 MP: 9/9
  4862 | D:4      | Found a radiant altar of Vehumet.
  4862 | D:4      | Found a stormy altar of Qazlal.
  4863 | D:4      | Found a shimmering blue altar of Sif Muna.
  5128 | D:4      | Found an ornate altar of the Wu Jian Council.
  5153 | D:4      | Found a snail-covered altar of Cheibriados.
  5351 | D:5      | Entered Level 5 of the Dungeon
  5465 | D:5      | Reached skill level 5 in Fighting
  5725 | D:5      | Noticed Ijyb
  5736 | D:5      | Killed Ijyb
  6073 | D:5      | Reached skill level 8 in Axes
  6369 | D:5      | Found a blossoming altar of Fedhas.
  6471 | D:5      | Found an opulent altar of Gozag.
  6870 | D:6      | Reached skill level 1 in Stealth
  7455 | D:6      | Noticed Duvessa
  7455 | D:6      | Noticed Dowan
  7464 | D:6      | Killed Duvessa
  7467 | D:6      | Killed Dowan
  7508 | D:6      | Reached skill level 9 in Axes
  7508 | D:6      | Reached XP level 9. HP: 24/68 MP: 10/10
  7837 | D:6      | Found a sacrificial altar of Ru.
  7837 | D:6      | Noticed Maggie
  7847 | D:6      | Killed Maggie
  8100 | D:6      | Found a glowing silver altar of Zin.
  8223 | D:7      | Found a broken altar of Ashenzari.
  8265 | D:7      | Reached skill level 5 in Armour
  8265 | D:7      | Reached skill level 1 in Shields
  8512 | D:7      | Noticed Menkaure
  8512 | D:7      | Noticed Pikel
  8514 | D:7      | Killed Menkaure
  8522 | D:7      | Killed Pikel
  8783 | D:7      | Noticed Joseph
  8792 | D:7      | Killed Joseph
  8793 | D:7      | Reached skill level 10 in Axes
  8960 | D:7      | Found a staircase to the Ecumenical Temple.
  9034 | D:7      | Noticed Prince Ribbit
  9039 | D:7      | Killed Prince Ribbit
  9099 | D:7      | Reached ***** piety under Lugonu
  9524 | D:8      | Noticed a two-headed ogre
  9555 | D:8      | Found a transporter.
  9559 | D:8      | Gained mutation: Armour fits poorly on your strangely
                  | shaped body. [potion of mutation]
  9559 | D:8      | Gained mutation: You are dopey. (Int -2) [potion of
                  | mutation]
  9559 | D:8      | Gained mutation: You possess an exceptional clarity of
                  | mind. [potion of mutation]
  9560 | D:8      | Lost mutation: You possess an exceptional clarity of mind.
                  | [potion of mutation]
  9560 | D:8      | Lost mutation: Armour fits poorly on your strangely shaped
                  | body. [potion of mutation]
  9560 | D:8      | Lost mutation: You are dopey. (Int -2) [potion of mutation]
  9560 | D:8      | Gained mutation: You are robust. (+10% HP) [potion of
                  | mutation]
  9560 | D:8      | Gained mutation: Your mind is acute. (Int +2) [potion of
                  | mutation]
  9562 | D:8      | Noticed aloneDruid's ghost (novice DsFi)
  9575 | D:8      | Found a transporter.
  9593 | D:8      | Killed aloneDruid's ghost
  9594 | D:8      | Reached XP level 10. HP: 78/84 MP: 9/11
  9740 | D:8      | a two-headed ogre changed into a meliai
  9920 | D:8      | Reached skill level 11 in Axes
 11505 | D:9      | Reached skill level 12 in Axes
 11547 | D:9      | You fall into a shaft and drop 1 floor!
 11547 | D:10     | Entered Level 10 of the Dungeon
 11590 | D:9      | Found a staircase to the Lair.
 12008 | D:9      | Found a staircase to the Orcish Mines.
 12678 | D:10     | Reached ****** piety under Lugonu
 12688 | D:10     | Gained mutation: You sometimes gain a little power by
                  | taking damage. [demonic ancestry]
 12688 | D:10     | Reached XP level 11. HP: 55/92 MP: 9/12
 13254 | D:10     | Found a shimmering altar of Xom.
 13318 | D:10     | You fall into a shaft and drop 2 floors!
 13322 | D:12     | Noticed a white ugly thing
 14049 | D:11     | Noticed a two-headed ogre
 14081 | D:11     | Reached skill level 13 in Axes
 14087 | D:11     | Killed a two-headed ogre
 14410 | D:11     | Noticed a two-headed ogre
 14413 | D:11     | Killed a two-headed ogre
 14621 | D:11     | Noticed a two-headed ogre
 14626 | D:11     | Killed a two-headed ogre
 14830 | D:12     | Killed a white ugly thing
 15003 | D:12     | Reached skill level 1 in Throwing
 15356 | D:12     | Found a sparkling altar of Nemelex Xobeh.
 15886 | D:12     | Noticed a deep elf mage
 15891 | D:12     | Killed a deep elf mage
 15978 | D:12     | Noticed a four-headed hydra
 15987 | D:12     | Killed a four-headed hydra
 16249 | D:12     | Got an iridescent long sword
 16250 | D:12     | Identified the +7 long sword of Subjectivity {venom, rElec
                  | Str+7} (You found it on level 12 of the Dungeon)
 16449 | D:12     | Reached skill level 14 in Axes
 16780 | D:13     | Noticed a green ugly thing
 16794 | D:13     | Killed a green ugly thing
 16798 | D:13     | Killed an unseen horror
 17268 | D:13     | Noticed Snorg
 17280 | D:13     | Killed Snorg
 17281 | D:13     | Gained mutation: You are mostly covered in slimy green
                  | scales. (AC +3) [demonic ancestry]
 17281 | D:13     | Reached XP level 12. HP: 37/103 MP: 4/13
 17547 | D:13     | Noticed Maurice
 17571 | D:13     | HP: 2/103 [acid (8)]
 17769 | D:14     | Noticed a tengu warrior
 17781 | D:14     | Noticed a tengu warrior
 17785 | D:14     | Killed a tengu warrior
 17807 | D:14     | Killed a tengu warrior
 18108 | D:14     | Noticed a centaur warrior
 18123 | D:14     | Killed a centaur warrior
 18481 | D:14     | Reached skill level 10 in Fighting
 18509 | D:14     | Noticed a boulder beetle
 18542 | D:14     | Killed a boulder beetle
 18739 | D:14     | Noticed a centaur warrior
 18748 | D:14     | Killed a centaur warrior
 18877 | D:14     | Reached skill level 15 in Axes
 19297 | D:15     | Entered Level 15 of the Dungeon
 19342 | D:15     | Noticed a six-headed hydra
 19342 | D:15     | Noticed a great orb of eyes
 19356 | D:14     | Killed a six-headed hydra
 19455 | D:15     | Paralysed by a great orb of eyes for 2 turns
 19468 | D:15     | Killed a great orb of eyes
 19578 | D:15     | Reached XP level 13. HP: 108/114 MP: 11/14
 19703 | D:15     | HP: 4/114 [vampire mosquito (9)]
 19706 | D:15     | Slain by a vampire mosquito

Illustrated notes

Levels and vault maps discovered:
D:1:      grunt_arrival_crossed_arrows, layout_loops_ring
D:2:      layout_basic, lemuel_zombie_altar_kikubaaqudgha, lemuel_crystal_altar,
          uniq_natasha, uniq_sigmund
D:3:      minmay_goblin_kobold_castle, layout_basic,
          yredelemnul_forgotten_temple_becter
D:4:      layout_cave_pools, marbit_many_paths,
          nicolae_overflow_quartered_altars, st_stairs_11
D:5:      layout_layer_cave, lemuel_doored_altar, fedhas_ov_isle_minmay,
          roderic_lattice_a, chequers_avenue, uniq_ijyb
D:6:      kennysheep_steamy, layout_basic, lemuel_round_altar,
          nicolae_overflow_hidden_temple, uniq_duvessa, uniq_maggie
D:7:      layout_cave_pods, ashenzari_altar_1, minmay_temple_entry_antechambers,
          uniq_joseph, uniq_menkaure, uniq_pikel, uniq_prince_ribbit1
D:8:      layout_layer_cave, gammafunk_ghost_stat_death, enter_bailey_2
D:9:      layout_rooms, erik_lair_orcish_takeover, orc_0_dummy
D:10:     cheibrodos_elevator_heist, layout_cave_pools, basic_altar
D:11:     layout_basic, amethyst_killhole
D:12:     layout_rooms, gauntlet_entry_generic, minivault_19, roderic_batcave,
          minivault_25_ag, nemelex_xobeh_ov_fountains_minmay
D:13:     layout_gridville, david_vaults_5, uniq_maurice, uniq_josephine,
          uniq_frances, uniq_snorg
D:14:     layout_loops_ring, minmay_misc_feat_tower
D:15:     grunt_enter_depths_magical_seal, layout_cave_pools, serial_shops,
          nicolae_shop_waterfront, nicolae_tso_swordbearing_angel,
          minmay_statues_item, wad_rectangle_vault

Skill      XL: |  1  2  3  4  5  6  7  8  9 10 11 12 |
---------------+-------------------------------------+-----
Dodging        | 1 3 |  3.9
Armour         | 2 3 4 5 6 7 |  7.4
Axes           | 2 3 4 5 7 9 10 12 14 15 | 15.2
Fighting       | 4 5 6 7 8 10 | 10.7
Stealth        | 1 |  1.4
Shields        | 2 |  2.0
Throwing       | 1 |  1.4
Invocations    | |  2.4

Action                   |  1- 3 |  4- 6 |  7- 9 | 10-12 | 13-15 || total
-------------------------+-------+-------+-------+-------+-------++-------
Melee: Short sword       |    81 |       |       |       |       ||    81
       Hand axe          |    40 |   243 |   487 |   887 |    35 ||  1692
       Dagger            |       |       |       |     2 |       ||     2
Throw: Boomerang         |       |       |     5 |    12 |       ||    17
Invok: Depart the Abyss  |     1 |       |       |       |       ||     1
       Bend Space        |       |       |       |     3 |     1 ||     4
Evoke: Wand              |       |       |       |     1 |       ||     1
       Condenser vane    |       |       |       |     1 |       ||     1
  Use: Scroll            |     5 |       |     6 |    15 |       ||    26
       Potion            |     1 |     2 |     2 |     5 |     2 ||    12
 Stab: Distracted        |       |       |     4 |     7 |       ||    11
       Sleeping          |       |       |       |     3 |       ||     3
Armor: Leather armour    |    48 |       |       |       |       ||    48
       Plate armour      |     6 |   248 |    74 |       |       ||   328
       Scale mail        |       |       |    94 |       |       ||    94
       Acid dragon scale |       |       |    71 |   209 |       ||   280
       Troll leather arm |       |       |       |   101 |    14 ||   115
Dodge: Dodged            |    82 |    56 |   139 |   260 |    26 ||   563
Block: Kite shield       |       |       |    83 |   284 |    25 ||   392
